AoeStats
← Dieu Tan

Arabia

509266493Analyzed
1v1 RM · 4d ago on Sep 26, 2026· 59m 58s· 2 players
Game mode
Random Map
Map size
Tiny (2 player)
Population
200
Speed
Normal
Resources
Standard
Victory
Conquest
Starting age
Dark Age
Ending age
Imperial Age
RankedLock teamsTeams togetherTeam positionsShared explorationLock speedFull tech treeHidden civsTurbo modeCheats
Victory
Defeat
🇺🇸 Japanese · United States
1606
+17
🇦🇷 Berbers · Argentina
1627
-17
Dieu Tan
6:59 Loom
9:26 Feudal Age
10:34 Double-Bit Axe
12:57 Horse Collar
17:23 Wheelbarrow
18:31 Scale Barding Armor
18:37 Bloodlines
22:47 Castle Age
21:49 Fletching
22:00 Padded Archer Armor
22:11 Forging
22:50 Light Cavalry
23:28 Bodkin Arrow
24:01 Husbandry
26:36 Bow Saw
26:32 Heavy Plow
28:36 Chain Barding Armor
35:36 Leather Archer Armor
40:55 Imperial Age
39:32 Thumb Ring
41:46 Bracer
43:01 Chemistry
45:51 Scale Mail Armor
46:28 Iron Casting
47:01 Ballistics
49:46 Blast Furnace
50:06 Town Watch
53:28 Yasama
53:26 Guard Tower
53:51 Murder Holes
60:03 Keep
AKEngineer
0:25 Loom
11:06 Feudal Age
12:53 Double-Bit Axe
17:27 Fletching
24:06 Castle Age
22:39 Gold Mining
24:44 Padded Archer Armor
24:29 Crossbowman
25:49 Bodkin Arrow
32:19 Ballistics
38:29 Leather Archer Armor
41:32 Imperial Age
45:21 Bracer
46:48 Ring Archer Armor
48:14 Bloodlines
48:14 Scale Barding Armor
48:20 Forging
48:00 Cavalier
51:12 Chain Barding Armor
51:27 Iron Casting
58:52 Plate Barding Armor
58:06 Light Cavalry
Connection lost

Rejoining the realm…

Still unreachable

The connection could not be restored.

Session expired

The server has moved on; the page needs a fresh start.